 Dungeon Crawl Stone Soup version 0.25-a0-424-g80bd347ae0 (webtiles) character file.

Game seed: 1644663800120896989, levelgen mode: deterministic

111311 Nattfarinn the Transmogrifier (level 16, -11/125 HPs)
             Began as a Demonspawn Transmuter on Jan 23, 2020.
             Was the Champion of Okawaru.
             Shot with an arrow by a satyr (20 damage)
             ... on level 1 of the Shoals.
             The game lasted 01:49:20 (33481 turns).

Nattfarinn the Transmogrifier (DsTm)               Turns: 33481, Time: 01:49:21

Health: -11/125    AC: 17    Str: 20    XL:     16   Next: 9%
Magic:  0/19       EV: 18    Int: 14    God:    Okawaru [******]
Gold:   1403       SH:  0    Dex: 15    Spells: 1/19 levels left

rFire    + . .     SeeInvis .     - Unarmed
rCold    . . .     Gourm    +   (shield currently unavailable)
rNeg     + + +     Faith    .   I - +1 ring mail of Baldness {rF+ rN+ rCorr Str-2}
rPois    +         Spirit   +   Q - +2 hat {Int+3}
rElec    .         Reflect  .   (no cloak)
rCorr    +         Harm     .   (gloves currently unavailable)
MR       ++...                  T - +1 pair of boots
Stlth    +.........             E - amulet "Iwisa" {Gourm Dex+2}
HPRegen  0.30/turn              j - +3 ring of protection
MPRegen  0.32/turn              J - ring of Mongemal {+Blink rPois rN++ MR+ Int-5}

@: mighty, blade hands, very slightly contaminated, studying Crossbows
A: horns 2, yellow scales 1, demonic guardian 2, magic shield, magic
regeneration, magic link
a: End Transformation, Heroism, Finesse, Renounce Religion, Evoke Blink


You were on level 1 of the Shoals.
You worshipped Okawaru.
Okawaru was exalted by your worship.
You were very full.
You had blades for hands.
You visited 6 branches of the dungeon, and saw 26 of its levels.
You also visited: Gauntlet.

You collected 2512 gold pieces.
You spent 1109 gold pieces at shops.

Inventory:

Missiles
 a - 441 arrows
Armour
 n - a +3 leather armour of poison resistance
 I - the +1 ring mail of Baldness (worn) {rF+ rN+ rCorr Str-2}
   (Okawaru gifted it to you on level 15 of the Dungeon)

   It affects your strength (-2).
   It protects you from fire.
   It protects you from negative energy.
   It provides partial protection from all sources of acid and corrosion.
 M - a +0 pair of gloves of archery (melded)
 Q - a +2 hat of intelligence (worn)
 T - a +1 pair of boots (worn)
Jewellery
 e - an uncursed amulet of the acrobat
 g - an uncursed ring of protection from cold {unknown}
 j - a +3 ring of protection (left scythe-like blade)
 p - an uncursed ring of resist corrosion {unknown}
 t - an uncursed ring of magical power
 E - the amulet "Iwisa" (around neck) {Gourm Dex+2}
   (You bought it in a shop on level 2 of the Orcish Mines)

   [amulet of the gourmand]

   It allows you to eat raw meat even when not hungry.
   It affects your dexterity (+2).
 J - the ring of Mongemal (right scythe-like blade) {+Blink rPois rN++ MR+ Int-5}
   (You acquired it on level 15 of the Dungeon)

   [ring of protection from magic]

   It affects your intelligence (-5).
   It protects you from poison.
   It greatly protects you from negative energy.
   It affects your resistance to hostile enchantments.
   It lets you blink.
 N - an uncursed ring of resist corrosion {unknown}
 O - an uncursed ring of wizardry {unknown}
 P - a +4 amulet of reflection
 S - a +5 ring of dexterity {unknown}
 U - an uncursed ring of fire {unknown}
 Y - an uncursed ring of protection from magic {unknown}
Wands
 s - a wand of disintegration (16)
 x - a wand of iceblast (5)
 y - a wand of digging (11)
 H - a wand of paralysis (19)
 R - a wand of flame (93)
 X - a wand of acid (5)
Scrolls
 f - 13 scrolls of remove curse
 h - 8 scrolls of amnesia
 l - 13 scrolls of teleportation
 m - 7 scrolls of immolation
 u - 3 scrolls of magic mapping
 B - a scroll of fog
 D - 3 scrolls of blinking
 G - a scroll of fear
 V - 4 scrolls of vulnerability
 W - a scroll of silence
Potions
 k - 2 potions of ambrosia {unknown}
 o - 4 potions of flight
 q - 2 potions of magic
 r - 4 potions of curing
 v - 4 potions of mutation
 w - 3 potions of resistance
 z - 7 potions of haste
 A - 3 potions of lignification
 C - 2 potions of agility {unknown}
 F - 3 potions of brilliance
 L - 4 potions of might
 Z - a potion of invisibility {unknown}
Books
 c - a manual of Crossbows
Comestibles
 b - 5 chunks of flesh
 d - 49 rations


   Skills:
 - Level 11.3 Fighting
 - Level 10.3 Armour
 - Level 10.5 Dodging
 - Level 14.1 Unarmed Combat
 - Level 2.1 Spellcasting
 * Level 14.3 Transmutations
 - Level 3.0 Poison Magic


You had one spell level left.
You knew the following spells:

 Your Spells              Type           Power        Failure   Level  Hunger
a - Beastly Appendage     Tmut           #####.       7%          1    #......
b - Spider Form           Tmut/Pois      ####......   26%         3    ###....
c - Sticks to Snakes      Tmut           #####...     8%          2    ###....
d - Blade Hands           Tmut           #####.....   24%         5    ######.
e - Dragon Form           Tmut           #####.....   93%         7    #######

Your spell library contained the following spells:

 Spells                   Type           Power        Failure   Level  Hunger
 Foxfire                  Conj/Fire      #...         77%         1    #......
 Infusion                 Chrm           #...         77%         1    #......
 Magic Dart               Conj           #...         77%         1    #......
 Ice Form                 Ice/Tmut       ###.....     61%         4    #####..
 Irradiate                Conj/Tmut      ###.......   85%         5    ######.
 Searing Ray              Conj           #.....       86%         2    ###....
 Shroud of Golubria       Chrm/Tloc      #.....       86%         2    ###....
 Song of Slaying          Chrm           #.......     86%         2    ###....
 Conjure Flame            Conj/Fire      #.......     96%         3    ###....
 Dazzling Flash           Conj/Hex       #.....       96%         3    ###....
 Inner Flame              Hex/Fire       #.......     96%         3    ###....
 Ozocubu's Armour         Chrm/Ice       #.......     96%         3    ###....
 Spectral Weapon          Hex/Chrm       #.......     96%         3    ###....
 Fulminant Prism          Conj/Hex       #.........   100%        4    #####..
 Iskenderun's Mystic Bla  Conj/Tloc      #.......     100%        4    #####..
 Sticky Flame             Conj/Fire      #.......     100%        4    #####..
 Fireball                 Conj/Fire      #.........   100%        5    ######.


Dungeon Overview and Level Annotations

Branches:
Dungeon (15/15)            Temple (1/1) D:5            Lair (6/6) D:11
 Shoals (1/4) Lair:3       Spider (1/4) Lair:2        Slime (0/5) Lair:6
    Orc (2/2) D:11            Elf (0/3) Orc:2        Vaults (0/5) D:14
 Depths (0/5) D:15        Gauntlet (visited)

Altars:
Ashenzari
Cheibriados
Dithmenos
Elyvilon
Fedhas
Gozag
Hepliaklqana
Kikubaaqudgha
Makhleb
Nemelex Xobeh
Okawaru
Qazlal
Ru
Sif Muna
Trog
Uskayaw
Vehumet
Wu Jian
Xom
Yredelemnul
Zin
The Shining One
Beogh
Jiyva

Shops:
D:10 !   D:11 [   D:15 [   Orc:2 ([!=

Portals:
Trove: D:15 (show abyssal rune of Zot)

Annotations:
D:6 exclusion: oklob plant
Lair:5 exclusion: 4 oklob plants


Innate Abilities, Weirdness & Mutations

You have a pair of horns on your head.
You are partially covered in yellow scales. (AC +2)
A demonic guardian rushes to your aid.
When hurt, damage is shared between your health and your magic reserves.
You regenerate magic rapidly.
When low on magic, you restore magic in place of health.


Message History

Found a pair of boots.
You start resting.
You are no longer glowing.
You start resting.
The faun is too close now for your liking.
Casting: Blade Hands (safe; 2% risk of failure)
Confirm with . or Enter, or press ? or * to list all spells.
Your hands turn into razor-sharp scythe blades.
Your +0 pair of gloves of archery melds into your body.
Your aim is not that steady anymore.
The satyr unwields a +0 spear.
The satyr wields a +0 longbow.
The satyr shoots an arrow.
The arrow hits you!
* * * LOW HITPOINT WARNING * * *
The satyr shoots an arrow.
The arrow hits you!
* * * LOW HITPOINT WARNING * * *
The faun hits you from afar with a +0 spear!
* * * LOW HITPOINT WARNING * * *
You see here an arrow.
You feel better. The faun hits you but does no damage.
The satyr shoots an arrow.
The arrow hits you!!
You die...

.≈≈≈.≈≈≈≈≈≈≈≈≈.. .....≈≈≈≈≈≈≈≈≈≈.
...≈≈≈≈≈≈≈≈≈≈≈.....≈≈≈ ##
#.≈≈≈≈≈≈≈≈≈≈≈≈≈.[≈≈≈≈
#.###.≈≈≈≈≈≈≈≈≈≈≈.≈≈.....
..≈...≈≈..3≈≈≈≈≈≈≈≈≈≈.##.
........[..≈≈≈≈≈≈≈≈≈≈≈...
≈≈≈...3.@.(..≈≈≈≈≈≈≈≈≈≈≈≈
.≈.....c####..≈≈≈≈≈≈≈≈≈≈≈
#.....c.# #.....≈≈≈≈≈≈≈
#.###.≈.#####....#.≈≈≈≈≈≈ #####
#≈≈≈.....≈..###.≈≈≈≈≈
#...########≈≈≈........###≈≈≈≈≈≈
#.........).≈≈≈≈...>.#....≈≈≈≈≈.
#.^≈≈≈≈≈..≈.≈≈≈≈..#......≈≈..≈≈.
##..≈≈≈≈...≈..≈≈...#..≈...≈≈≈..≈.


You could see a satyr, a faun, a friendly sixfirhy and a friendly smoke demon.

Vanquished Creatures
  Jorgrun (Orc:1)
  An orc warlord (Orc:2)
  A minotaur (Gauntlet)
  A merfolk impaler (Shoals:1)
  A yaktaur captain (D:15)
  3 hydras
  2 vault guards (D:14)
  4 centaur warriors
  A catoblepas (Lair:6)
  A merfolk avatar (Shoals:1)
  5 two-headed ogres
  5 death yaks
  3 orc high priests (Orc:2)
  A fire crab (Lair:6)
  2 skeletal warriors (D:15)
  3 wizards (D:14)
  2 necromancers (D:14)
  3 orc knights (Orc:2)
  An orb spider (shapeshifter) (D:9)
  A deep elf mage (D:13)
  4 fauns (Shoals:1)
  5 ugly things
  A wolf spider (Lair:2)
  5 cyclopes
  9 manticores
  3 orc sorcerers (Orc:2)
  A merfolk siren (Shoals:1)
  A water nymph (Shoals:1)
  2 centaur zombies
  7 elephants
  8 black mambas
  Maurice (D:9)
  Psyche (D:12)
  A torpor snail (Lair:6)
  A smoke demon (Gauntlet)
  11 spiny frogs
  2 gargoyles
  6 komodo dragons
  3 centaur skeletons
  2 rime drakes
  A rime drake (shapeshifter) (D:13)
  2 guardian mummies (D:15)
  2 yaktaurs
  2 jumping spiders
  6 trolls
  4 merfolk (Shoals:1)
  9 polar bears
  2 raiju (Lair:6)
  3 slime creatures (D:15)
  9 blink frogs
  13 dream sheep
  2 snapping turtles
  7 hippogriffs
  Sigmund (D:2)
  20 flying skulls (D:15)
  4 redbacks
  3 centaur simulacra
  5 shadows
  A tarantella (Spider:1)
  A wyvern (D:9)
  47 yaks
  11 humans (D:14)
  3 wraiths
  3 basilisks
  12 vampire mosquitoes
  2 steam dragons
  Menkaure (D:5)
  6 wargs
  14 hell hounds (Lair:6)
  6 water moccasins
  8 porcupines
  An ice beast (D:10)
  4 sky beasts
  A hornet zombie (D:11)
  2 phantoms
  11 black bears
  44 orc warriors
  11 ogres
  A necrophage (D:11)
  28 wolves
  13 crocodiles
  9 centaurs
  3 big kobolds
  Blork the orc (D:5)
  A wyvern zombie (D:13)
  10 bullfrogs
  A spiny frog simulacrum (Gauntlet)
  2 wyvern skeletons (D:11)
  2 scorpions
  4 wights (D:11)
  24 killer bees
  3 electric eels (Lair:2)
  3 howler monkeys
  A vampire bat (Lair:6)
  5 crimson imps
  8 jellies
  25 orc priests
  8 hounds
  14 orc wizards
  2 bullfrog skeletons
  4 iguanas
  7 hell rats
  8 worker ants
  A bullfrog simulacrum (Gauntlet)
  A hound zombie (D:5)
  A hound skeleton (D:5)
  A howler monkey zombie (D:8)
  A howler monkey skeleton (D:10)
  6 river rats (Lair:6)
  5 worker ant zombies
  15 adders
  A gnoll (D:9)
  2 shadow imps
  8 oozes (D:6)
  An adder zombie (D:9)
  An adder skeleton (D:6)
  A worm (D:5)
  4 dart slugs
  2 leopard geckos
  95 orcs
  3 ball pythons
  6 giant cockroaches
  2 goblins (D:2)
  4 hobgoblins
  16 jackals
  7 quokkas
  13 bats
  8 frilled lizards
  12 kobolds
  12 rats
  2 fungi
  A plant (Lair:5)
819 creatures vanquished.

Vanquished Creatures (collateral kills)
  Josephine (D:11)
  A vault guard (D:14)
  5 hydras
  2 centaur warriors
  A catoblepas (Lair:6)
  A tengu warrior (D:13)
  3 two-headed ogres
  6 death yaks
  An orc high priest (Orc:2)
  A wolf spider (Spider:1)
  3 manticores
  An orc sorcerer (Orc:1)
  An ugly thing (D:12)
  A faun (Shoals:1)
  2 cyclopes
  An elephant (Lair:6)
  A komodo dragon (Lair:4)
  A polar bear (Lair:6)
  9 dream sheep
  A hippogriff (Lair:3)
  3 blink frogs
  A flying skull (D:15)
  A shadow (Gauntlet)
  A redback (Spider:1)
  3 wraiths
  10 yaks
  A basilisk (Lair:6)
  5 humans (D:14)
  A vampire mosquito (D:13)
  6 water moccasins
  A hell hound (Lair:6)
  2 porcupines
  4 orc warriors
  A black bear (Lair:6)
  A phantom (D:7)
  A sky beast (D:5)
  An ogre (D:5)
  A wolf (Lair:3)
  A centaur (D:14)
  A crocodile (D:13)
  A big kobold (D:8)
  3 bullfrogs
  A crimson imp (D:15)
  A hound (D:8)
  A jelly (D:6)
  An orc wizard (D:13)
  An iguana (D:12)
  3 hell rats (Lair:4)
  2 adders
  An ooze (D:6)
  9 orcs
  A rat (Lair:6)
  A fungus (Lair:4)
115 creatures vanquished.

Vanquished Creatures (others)
  A wolf spider (Spider:1)
  An orc priest (Orc:2)
  18 fungi
  12 plants (Lair:6)
  A withered plant (Gauntlet)
33 creatures vanquished.

Grand Total: 967 creatures vanquished

Notes
Turn   | Place    | Note
-------+----------+-------------------------------------------
     0 | D:1      | Nattfarinn the Demonspawn Transmuter began the quest for
                  | the Orb.
     0 | D:1      | Reached XP level 1. HP: 15/15 MP: 3/3
   587 | D:1      | Gained mutation: When hurt, damage is shared between your
                  | health and your magic reserves. [demonic ancestry]
   587 | D:1      | Reached XP level 2. HP: 18/21 MP: 5/5
  1590 | D:2      | Reached XP level 3. HP: 26/26 MP: 4/6
  1957 | D:2      | Learned a level 3 spell: Spider Form
  1965 | D:2      | Noticed Sigmund
  1981 | D:2      | Killed Sigmund
  1981 | D:2      | Gained mutation: You have a pair of small horns on your
                  | head. [demonic ancestry]
  1981 | D:2      | Reached XP level 4. HP: 21/34 MP: 1/7
  1981 | D:2      | Reached XP level 5. HP: 24/39 MP: 1/8
  2392 | D:2      | Found a sparkling altar of Nemelex Xobeh.
  2392 | D:2      | Found a transporter.
  2756 | D:3      | Found a stormy altar of Qazlal.
  2812 | D:3      | Reached XP level 6. HP: 44/46 MP: 9/9
  3301 | D:4      | Reached skill level 1 in Poison Magic
  3494 | D:4      | Noticed a +0 hand axe
  3495 | D:4      | Noticed a +0 dagger
  3500 | D:4      | Found a hide-covered altar of Uskayaw.
  3788 | D:5      | Entered Level 5 of the Dungeon
  3988 | D:5      | Noticed Blork the orc
  3999 | D:5      | Killed Blork the orc
  3999 | D:5      | Gained mutation: A weak demonic guardian rushes to your
                  | aid. [demonic ancestry]
  3999 | D:5      | Reached XP level 7. HP: 41/52 MP: 10/10
  4127 | D:5      | Noticed Menkaure
  4134 | D:5      | Learned a level 2 spell: Sticks to Snakes
  4147 | D:5      | Killed Menkaure
  4147 | D:5      | Reached skill level 5 in Unarmed Combat
  4314 | D:5      | Found a burning altar of Makhleb.
  4356 | D:5      | Found a staircase to the Ecumenical Temple.
  4377 | Temple   | Entered the Ecumenical Temple
  4534 | D:5      | Found a blossoming altar of Fedhas.
  4536 | D:5      | Found an iron altar of Okawaru.
  4566 | D:5      | Found a snail-covered altar of Cheibriados.
  4574 | D:5      | Became a worshipper of Warmaster Okawaru
  4766 | D:5      | Reached skill level 5 in Transmutations
  5022 | D:5      | Found a basalt altar of Yredelemnul.
  5059 | D:6      | Reached XP level 8. HP: 60/60 MP: 11/11
  5128 | D:6      | Reached * piety under Okawaru
  5499 | D:6      | Noticed an oklob plant
  6453 | D:7      | Reached ** piety under Okawaru
  6816 | D:7      | Gained mutation: You have a pair of horns on your head.
                  | [demonic ancestry]
  6816 | D:7      | Reached XP level 9. HP: 34/67 MP: 0/12
  7082 | D:7      | Reached skill level 5 in Fighting
  7173 | D:8      | Noticed a two-headed ogre
  7203 | D:8      | Killed a two-headed ogre
  7203 | D:8      | Reached *** piety under Okawaru
  7561 | D:8      | Reached **** piety under Okawaru
  7779 | D:8      | Noticed a three-headed hydra
  7789 | D:8      | Killed a three-headed hydra
  7789 | D:8      | Reached XP level 10. HP: 39/76 MP: 9/13
  8335 | D:8      | Found a shimmering blue altar of Sif Muna.
  8337 | D:8      | Found a blossoming altar of Fedhas.
  8337 | D:8      | Found a sparkling altar of Nemelex Xobeh.
  8339 | D:8      | Found a shimmering altar of Xom.
  8339 | D:8      | Found a basalt altar of Yredelemnul.
  8339 | D:8      | Found a shimmering altar of Xom.
  9268 | D:9      | Noticed a two-headed ogre
  9297 | D:9      | Noticed Maurice
  9342 | D:9      | Killed a two-headed ogre
  9342 | D:9      | Was placed under penance by Okawaru
  9342 | D:9      | Was forgiven by Okawaru
  9685 | D:9      | Killed Maurice
  9742 | D:9      | Noticed an orb spider
  9757 | D:9      | Killed an orb spider
  9757 | D:9      | Reached ***** piety under Okawaru
 10026 | D:9      | Learned a level 5 spell: Blade Hands
 10186 | D:10     | Entered Level 10 of the Dungeon
 10428 | D:10     | Found Yfuetz's Distillery.
 10438 | D:10     | Bought a potion of might for 52 gold pieces
 10438 | D:10     | Bought a potion of heal wounds for 65 gold pieces
 10438 | D:10     | Bought a potion of mutation for 104 gold pieces
 10637 | D:10     | Noticed a centaur warrior
 10648 | D:10     | Killed a centaur warrior
 10648 | D:10     | Reached skill level 10 in Unarmed Combat
 10648 | D:10     | Gained mutation: A demonic guardian rushes to your aid.
                  | [demonic ancestry]
 10648 | D:10     | Reached XP level 11. HP: 49/84 MP: 11/14
 10837 | D:10     | Reached skill level 10 in Transmutations
 11030 | D:11     | Noticed Josephine
 11094 | D:11     | Killed Josephine
 11444 | D:11     | Reached ****** piety under Okawaru
 11451 | D:11     | Found a staircase to the Lair.
 11643 | D:11     | Found a staircase to the Orcish Mines.
 11909 | D:11     | Received a gift from Okawaru
 11959 | D:11     | Found Yrereudd's Armour Shop.
 12531 | D:12     | Noticed a white ugly thing
 12541 | D:12     | Killed a white ugly thing
 12569 | D:12     | Noticed Psyche
 12575 | D:12     | Killed Psyche
 12575 | D:12     | Reached skill level 1 in Armour
 12785 | D:12     | Received a gift from Okawaru
 13322 | D:13     | Noticed a tengu warrior
 13327 | D:13     | Noticed a red ugly thing
 13327 | D:13     | Killed a tengu warrior
 13328 | D:13     | Noticed a two-headed ogre
 13333 | D:13     | Killed a red ugly thing
 13333 | D:13     | Gained mutation: You regenerate magic rapidly. [demonic
                  | ancestry]
 13333 | D:13     | Reached XP level 12. HP: 69/94 MP: 15/15
 13343 | D:13     | Killed a two-headed ogre
 13382 | D:13     | Noticed a centaur warrior
 13692 | D:13     | Killed a centaur warrior
 13692 | D:13     | Received a gift from Okawaru
 14397 | D:13     | Noticed a two-headed ogre
 14402 | D:13     | Killed a two-headed ogre
 14402 | D:13     | Reached skill level 5 in Dodging
 14900 | Lair:1   | Entered Level 1 of the Lair of Beasts
 15023 | Lair:1   | Reached skill level 5 in Armour
 15040 | Lair:1   | Got a steaming rapier
 15041 | Lair:1   | Identified the +3 rapier of Keir {venom, -Tele rPois rC+
                  | Dex+4} (You found it on level 1 of the Lair of Beasts)
 15573 | Lair:2   | Noticed a five-headed hydra
 15583 | Lair:2   | Killed a five-headed hydra
 15991 | Lair:2   | Found a hole to the Spider Nest.
 16176 | Lair:2   | Noticed a seven-headed hydra
 16191 | Lair:2   | Killed a seven-headed hydra
 16846 | Lair:2   | Received a gift from Okawaru
 16847 | Lair:2   | Got a twisted quarterstaff {god gift}
 17632 | Lair:3   | Gained mutation: When low on magic, you restore magic in
                  | place of health. [demonic ancestry]
 17632 | Lair:3   | Reached XP level 13. HP: 92/102 MP: 16/16
 18986 | Lair:3   | Found a staircase to the Shoals.
 18992 | Lair:3   | Reached skill level 10 in Fighting
 19162 | Lair:4   | Found a gate leading to a gauntlet.
 19171 | Gauntlet | Entered a Gauntlet
 19171 | Gauntlet | Found a transporter.
 19171 | Gauntlet | Found a transporter.
 19171 | Gauntlet | Found a runed translucent gate.
 19173 | Gauntlet | Found a runed translucent gate.
 19174 | Gauntlet | Found a runed translucent gate.
 19189 | Gauntlet | Found a transporter.
 19193 | Gauntlet | Found a transporter.
 19201 | Gauntlet | Found a transporter.
 19205 | Gauntlet | Found a transporter.
 19213 | Gauntlet | Found a transporter.
 19229 | Gauntlet | Found a transporter.
 19232 | Gauntlet | Noticed a reaper
 19243 | Gauntlet | Found a transporter.
 19247 | Gauntlet | Found a transporter.
 19256 | Gauntlet | Found a transporter.
 19259 | Gauntlet | Found a transporter.
 19693 | Gauntlet | Received a gift from Okawaru
 19745 | Gauntlet | Identified the +4 scale mail of the Endless Expanse {rElec
                  | Int+4}
 19745 | Gauntlet | Noticed a minotaur
 19761 | Gauntlet | Killed a minotaur
 19771 | Gauntlet | Got a bloodstained cloak
 19773 | Gauntlet | Identified Tiahix Niowk's Disquisition on Moulding
 19826 | Lair:4   | Identified the +0 cloak "Wazoq" {rPois MP-9 Dex+2} (You
                  | found it in a Gauntlet)
 20647 | Lair:4   | Received a gift from Okawaru
 21288 | Lair:5   | Found a shimmering altar of Xom.
 22221 | Lair:6   | Entered Level 6 of the Lair of Beasts
 22221 | Lair:6   | Found a viscous altar of Jiyva.
 22228 | Lair:6   | Found a staircase to the Slime Pits.
 22561 | Lair:6   | Gained mutation: You are partially covered in yellow
                  | scales. (AC +2) [demonic ancestry]
 22561 | Lair:6   | Reached XP level 14. HP: 94/111 MP: 10/17
 23647 | Lair:6   | Received a gift from Okawaru
 23982 | Lair:6   | Reached skill level 10 in Dodging
 24541 | Lair:6   | Reached skill level 10 in Armour
 24542 | Lair:6   | Received a gift from Okawaru
 25333 | D:14     | Received a gift from Okawaru
 25347 | D:14     | Identified the +6 scale mail "Pilagink" {rCorr} (Okawaru
                  | gifted it to you on level 14 of the Dungeon)
 25781 | D:14     | Found a gate to the Vaults.
 25786 | D:14     | Reached XP level 15. HP: 119/119 MP: 13/18
 26566 | D:15     | Entered Level 15 of the Dungeon
 26806 | D:15     | Received a gift from Okawaru
 26811 | D:15     | Got a distressingly furry ring mail {god gift}
 26822 | D:15     | Identified the +1 ring mail of Baldness {rF+ rN+ rCorr
                  | Str-2} (Okawaru gifted it to you on level 15 of the
                  | Dungeon)
 26823 | D:15     | Found a portal to a secret trove of treasure.
 26932 | D:15     | Found a staircase to the Depths.
 27096 | D:15     | Identified a scroll of acquirement
 27096 | D:15     | Identified the ring of Mongemal {+Blink rPois rN++ MR+
                  | Int-5} (You acquired it on level 15 of the Dungeon)
 27223 | D:15     | Found Warph's Armour Boutique.
 27513 | D:15     | HP: 3/119 [skeletal warrior/+0 glaive (20)]
 28438 | D:15     | Found the +3 giant club "Skullcrusher" {speed, Str+7}
 28807 | Orc:1    | Entered Level 1 of the Orcish Mines
 29015 | Orc:2    | Entered Level 2 of the Orcish Mines
 29605 | Orc:2    | Found a staircase to the Elven Halls.
 29785 | Orc:2    | Noticed an orc warlord
 29829 | Orc:1    | Noticed Jorgrun
 29837 | Orc:1    | Killed Jorgrun
 30175 | Orc:2    | Killed an orc warlord
 30486 | Orc:2    | Found a roughly hewn altar of Beogh.
 30490 | Orc:2    | Received a gift from Okawaru
 30591 | Orc:2    | Found Aplaush's Weapon Emporium.
 30613 | Orc:2    | Found Mazebuca's Antique Armour Shoppe.
 30931 | Orc:2    | Found Aluu's Jewellery Emporium.
 30954 | Orc:2    | Bought the amulet "Iwisa" {Gourm Dex+2} for 618 gold pieces
 31127 | Orc:2    | Found Cullokat's Distillery.
 31403 | Orc:2    | Bought a potion of degeneration for 18 gold pieces
 31403 | Orc:2    | Bought a potion of brilliance for 72 gold pieces
 31403 | Orc:2    | Bought a potion of haste for 180 gold pieces
 31443 | Orc:2    | Found a roughly hewn altar of Beogh.
 32060 | D:11     | Learned a level 7 spell: Dragon Form
 32167 | Spider:1 | Entered Level 1 of the Spider Nest
 32616 | Shoals:1 | Entered Level 1 of the Shoals
 33019 | Shoals:1 | Reached XP level 16. HP: 122/125 MP: 13/19
 33480 | Shoals:1 | HP: 1/125 [faun/+0 spear[a satyr] (8)]
 33481 | Shoals:1 | Shot with an arrow by a satyr

Levels and vault maps discovered:
D:1:      dpeg_arrival_line_fractal, layout_basic
D:2:      layout_loops_ring, grunt_nemelex_the_gamble, uniq_sigmund
D:3:      layout_basic, nicolae_qazlal_general_emergency
D:4:      layout_rooms, dancing_weapons_uskayaw, first_ration,
          minmay_misc_feat_more_columns
D:5:      layout_gridville, minitemple, minmay_temple_entry_proselytizer,
          makhleb_heckhound_becter, uniq_blork_the_orc, uniq_menkaure
D:6:      lemuel_slime, layout_rooms, enter_ossuary_2, hangedman_decor_lopped
D:7:      layout_loops_ring, eino_jars
D:8:      layout_gridville, hangedman_ranch [blue_anna_fruit_fields],
          doesnt_xom_only_xom
D:9:      layout_irregular_city, uniq_maurice
D:10:     layout_loops_ring, serial_shops, shop
D:11:     layout_roguey, lair_entry_dummy, orc_david_3, uniq_josephine
D:12:     layout_rooms, uniq_psyche
D:13:     layout_rooms, chequers_serial_rivers_micro_c
D:14:     layout_rooms, grunt_vaults_entry_tiered, kennysheep_big_empty_room,
          skrybe_limestone_x
D:15:     grunt_enter_depths_snipers, layout_grid_maze, minmay_misc_feat_chi,
          serial_shops, nicolae_shop_crystal, nicolae_trove_entry_path_of_doom,
          serial_park_tiny_2, minmay_guarded_unrand_skullcrusher
Temple:   eino_temple_scatter_basement
Lair:1:   layout_roguey
Lair:2:   layout_layer_cave, spider_nest_entry_funnel_web, st_stairs_6,
          lemuel_fruit_tree, serial_bayou_shore_a, grunt_megastairs_3,
          serial_bayou_shore_b, infiniplex_staircase_pool_2
Lair:3:   layout_cave_pods, minmay_shoals_entry_hut
Lair:4:   layout_layer_cave, gauntlet_entry_generic
Lair:5:   layout_cave_pods, basic_altar, chequers_serial_rivers_marsh,
          dpeg_oklob_1, serial_bayou_shore_b
Lair:6:   hangedman_lair_in_review, layout_misc_corridors,
          hangedman_lair_caniforms_friends, slime_altar_1, st_stairs_6,
          roderic_batcave, kennysheep_abandoned_house
Shoals:1: layout_shoals, uniq_frances
Spider:1: layout_spider_delve
Orc:1:    layout_caves, uniq_jorgrun
Orc:2:    pubby_orc_utopia

Skill      XL: |  1  2  3  4  5  6  7  8  9 10 11 12 13 14 15 |
---------------+----------------------------------------------+-----
Transmutations | 2 3 4 5 6 8 9 10 11 14 | 14.3
Dodging        | 2 3 6 9 10 | 10.5
Unarmed Combat | 3 4 5 7 8 10 11 12 13 14 | 14.1
Fighting       | 2 3 4 6 7 8 9 10 11 | 11.3
Poison Magic   | 1 2 3 |  3.0
Armour         | 3 6 8 10 | 10.3
Spellcasting   | |  2.1

Action                   |  1- 3 |  4- 6 |  7- 9 | 10-12 | 13-15 | 16-18 || total
-------------------------+-------+-------+-------+-------+-------+-------++-------
Melee: Unarmed           |   161 |   150 |   323 |   607 |  1232 |    32 ||  2505
       Kick              |     7 |       |       |       |       |       ||     7
       Headbutt          |     2 |    11 |    23 |    67 |   217 |     7 ||   327
       Punch             |       |       |     6 |    13 |    70 |     4 ||    93
       Bite              |       |       |       |       |     1 |       ||     1
 Cast: Beastly Appendage |    13 |     1 |       |       |       |       ||    14
       Spider Form       |     2 |     9 |    25 |    20 |     1 |       ||    57
       Sticks to Snakes  |       |       |    16 |     8 |     2 |       ||    26
       Blade Hands       |       |       |       |    47 |   117 |     7 ||   171
       Dragon Form       |       |       |       |       |     1 |       ||     1
 Abil: Breathe Fire      |       |       |       |       |     1 |       ||     1
Evoke: Wand              |       |       |     1 |       |       |       ||     1
  Use: Scroll            |       |     1 |       |    16 |    12 |     1 ||    30
       Potion            |       |       |     2 |     2 |     5 |     2 ||    11
 Stab: Sleeping          |     2 |     1 |       |     1 |       |       ||     4
       Distracted        |       |       |     1 |     2 |     2 |       ||     5
       Petrified         |       |       |       |       |     2 |       ||     2
  Eat: Chunk             |     4 |     7 |    14 |    35 |    86 |     9 ||   155
       Ration            |       |       |     1 |     5 |     8 |       ||    14
Armor: Robe              |    23 |     6 |       |       |       |       ||    29
       Leather armour    |       |    17 |    44 |   107 |   204 |       ||   372
       Skin              |       |     8 |     5 |    14 |     8 |       ||    35
       Scale mail        |       |       |       |       |    54 |       ||    54
       Ring mail         |       |       |       |       |   108 |    19 ||   127
Dodge: Dodged            |   103 |   121 |   229 |   459 |  1041 |    30 ||  1983

Table legend:
 A = Non-vault XP
 B = Vault XP
 C = Vault XP percentage of total XP
 D = Non-vault monster count
 E = Vault monster count
 F = Vault count percentage of total count
                 A         B        C        D         E       F
            +---------+---------+-------+---------+---------+-------
      Total |   89041 |   69976 |  44.0 |     559 |     372 |  40.0
            +---------+---------+-------+---------+---------+-------
        D:1 |      23 |       0 |   0.0 |      17 |       0 |   0.0
        D:2 |      83 |     238 |  74.1 |      27 |       1 |   3.6
        D:3 |      69 |       0 |   0.0 |      22 |       0 |   0.0
        D:4 |     214 |       0 |   0.0 |       5 |       0 |   0.0
        D:5 |     459 |     285 |  38.3 |      16 |       4 |  20.0
        D:6 |     294 |     245 |  45.5 |      11 |      14 |  56.0
        D:7 |     652 |     327 |  33.4 |      18 |       6 |  25.0
        D:8 |    1192 |    1913 |  61.6 |      23 |       8 |  25.8
        D:9 |    3459 |     449 |  11.5 |      33 |       1 |   2.9
       D:10 |    1916 |       0 |   0.0 |      19 |       0 |   0.0
       D:11 |    4010 |    1458 |  26.7 |      45 |      11 |  19.6
       D:12 |    2784 |     434 |  13.5 |      19 |       1 |   5.0
       D:13 |    8148 |       0 |   0.0 |      43 |       0 |   0.0
       D:14 |   10099 |    9022 |  47.2 |      41 |      25 |  37.9
       D:15 |    5291 |    8787 |  62.4 |      14 |      28 |  66.7
     Lair:1 |    4332 |       0 |   0.0 |      22 |       0 |   0.0
     Lair:2 |    2899 |    2178 |  42.9 |      15 |       7 |  31.8
     Lair:3 |    8003 |     250 |   3.0 |      32 |       1 |   3.0
     Lair:4 |    6846 |       0 |   0.0 |      41 |       0 |   0.0
     Lair:5 |    4767 |       0 |   0.0 |      18 |       0 |   0.0
     Lair:6 |   13086 |   19301 |  59.6 |      45 |     105 |  70.0
   Shoals:1 |    8132 |       0 |   0.0 |      17 |       0 |   0.0
   Spider:1 |    1608 |       0 |   0.0 |       7 |       0 |   0.0
      Orc:1 |     675 |    2444 |  78.4 |       9 |       1 |  10.0
      Orc:2 |       0 |   19675 | 100.0 |       0 |     146 | 100.0
   Gauntlet |       0 |    2970 | 100.0 |       0 |      13 | 100.0
            +---------+---------+-------+---------+---------+-------
